 Dungeon Crawl Stone Soup version 0.31-a0-237-g2d982f9f85 (webtiles) character file.

Game seed: 11086349921592033323

53 qw the Shooter (level 3, -2/21 HPs)
             Began as a Gargoyle Hexslinger on July 10, 2023.
             Slain by a hobgoblin (3 damage)
             ... on level 2 of the Dungeon.
             The game lasted 00:00:37 (1029 turns).

qw the Shooter (Gargoyle Hexslinger)                Turns: 1029, Time: 00:00:38

Health: -2/21      AC:  8    Str: 11    XL:     3   Next: 89%
Magic:  4/4        EV: 10    Int: 13    God:
Gold:   91         SH:  0    Dex: 20    Spells: 3/4 levels left

rFire   . . .        Y - +1 sling
rCold   . . .        (no shield)
rNeg    + . .        i - +0 ring mail
rPois   inf          (no helmet)
rElec   +            (no cloak)
rCorr   .            (no gloves)
SInv    .            (no boots)
Will    .....        (no amulet)
Stlth   +            h - +6 ring of dexterity
HPRegen 0.23/turn    (no ring)
MPRegen 0.09/turn

%: no passive effects
@: no status effects
A: sickness immunity, AC +3, negative energy resistance 1, electricity
resistance, torment resistance 1, petrification resistance
a: no special abilities


You were on level 2 of the Dungeon.
You visited 1 branch of the dungeon, and saw 2 of its levels.

You collected 91 gold pieces.


Innate Abilities, Weirdness & Mutations

You are immune to sickness and miasma.
Your stone body is resilient. (AC +3)
You are immune to poison.
You resist negative energy. (rN+)
You are resistant to electric shocks. (rElec)
You are resistant to unholy torment.
You are immune to petrification.


   Skills:
 - Level 2.0 Fighting
 + Level 3.7 Ranged Weapons
 - Level 1.5 Dodging
 - Level 1.0 Spellcasting
 - Level 2.6 Hexes


You had 3 spell levels left.
You knew the following spells:

 Your Spells              Type           Power      Damage    Failure   Level
a - Slow                  Hex            28%        N/A       22%         1

Your spell library contained the following spells:

 Spells                   Type           Power      Damage    Failure   Level
 Inner Flame              Hex/Fire       4%         N/A       75%         3
 Portal Projectile        Hex/Tloc       8%         N/A       75%         3
 Cause Fear               Hex            3%         N/A       92%         4

Inventory:

Hand Weapons
 Y - a +1 sling (weapon)
Armour
 i - a +0 ring mail (worn)
Jewellery
 b - a ring of resist corrosion
 h - a +6 ring of dexterity (left hand)
Scrolls
 a - a scroll of identify
 c - a scroll of enchant weapon {unknown}
 e - a scroll of fog {unknown}
 j - a scroll of noise {unknown}
 k - a scroll of enchant armour {unknown}
Potions
 d - a potion of curing {unknown}
 f - a potion of might {unknown}
 g - a potion of enlightenment {unknown}

Dungeon Overview and Level Annotations

Branches:
Dungeon (2/15)

Altars:

Annotations:
D:2 Robin, Terence


Message History

Terence is heavily wounded.
Terence hits you with a +0 mace.
You shoot a sling bullet. The sling bullet hits Terence.
Terence is severely wounded.
Terence closely misses you. Terence hits you but does no damage.
You shoot a sling bullet.
The sling bullet closely misses Terence.
The sling bullet hits the hobgoblin.
The hobgoblin is moderately wounded.
Terence closely misses you.
You shoot a sling bullet.
The sling bullet hits Terence but does no damage.
Terence is severely wounded.
The hobgoblin barely misses you. Terence barely misses you.
You shoot a sling bullet. The sling bullet hits Terence.
Terence is severely wounded.
Terence closely misses you. The hobgoblin closely misses you.
The hobgoblin hits you but does no damage.
Terence misses you.
You shoot a sling bullet.
The sling bullet closely misses Terence.
Terence barely misses you.
The hobgoblin hits you but does no damage.
You shoot a sling bullet. The sling bullet barely misses Terence.
Terence closely misses you.
The hobgoblin hits you but does no damage.
The hobgoblin hits you. Terence hits you but does no damage.
You shoot a sling bullet.
The sling bullet hits Terence but does no damage.
Terence is severely wounded.
Terence hits you but does no damage. The hobgoblin closely misses you.
You shoot a sling bullet. The sling bullet hits Terence.
Terence is almost dead.
The hobgoblin barely misses you. Terence hits you with a +0 mace.
You shoot a sling bullet.
The sling bullet hits Terence but does no damage.
Terence is almost dead.
Terence completely misses you. The hobgoblin hits you.
Terence hits you but does no damage. The hobgoblin hits you.
You die...

. .. ...###
......### #
#.......### #
#...@@..# #
####g...#
##### ####.#
....# #..#
....# #.##
....# #.#
....# #.#
....# #.#
....##########
#.#


You could see Terence and a hobgoblin.

Vanquished Creatures
  2 ball pythons (D:1)
  3 endoplasms
  3 giant cockroaches
  6 goblins
  6 hobgoblins
  6 jackals (D:1)
  3 quokkas
  8 bats
  3 frilled lizards
  2 kobolds (D:1)
  2 rats (D:1)
44 creatures vanquished.

Notes
Turn   | Place    | Note
-------+----------+-------------------------------------------
     0 | D:1      | qw the Gargoyle Hexslinger began the quest for the Orb.
     0 | D:1      | Reached XP level 1. HP: 12/12 MP: 2/2
     0 | D:1      | 0 ||| qw: Version: 0.3-a-52-g30416fa
     0 | D:1      | 0 ||| qw: Game counter: 5346
     0 | D:1      | 0 ||| qw: Melee chars always use a shield: true
     0 | D:1      | 0 ||| qw: God list: Okawaru
     0 | D:1      | 0 ||| qw: Allow faded altars: false
     0 | D:1      | 0 ||| qw: Do Orc after clearing Dungeon:15 true
     0 | D:1      | 0 ||| qw: Do second Lair branch before Depths: true
     0 | D:1      | 0 ||| qw: Lair rune preference: random
     0 | D:1      | 0 ||| qw: Goals: Normal
     0 | D:1      | 0 ||| PLANNING D:1-11
    33 | D:1      | HP: 3/12 [kobold/+0 short sword (1)]
    95 | D:1      | Reached XP level 2. HP: 16/16 MP: 3/3
   166 | D:1      | Reached skill level 3 in Ranged Weapons
   381 | D:1      | Reached XP level 3. HP: 21/21 MP: 4/4
   729 | D:1      | 729 ||| UPGRADING to +0 leather armour.
   739 | D:1      | 739 ||| DROPPING +0 robe.
   740 | D:1      | 740 ||| UPGRADING to +0 ring mail.
   750 | D:1      | 750 ||| DROPPING +0 leather armour.
   751 | D:1      | 751 ||| UPGRADING to +6 ring of dexterity.
   752 | D:1      | 752 ||| READING scroll labelled SOBROH KOSETABB.
   753 | D:1      | 753 ||| READING scroll labelled UROAGI CUCZA.
   756 | D:1      | 756 ||| DROPPING scroll of poison.
   776 | D:2      | Found a faded altar of an unknown god.
   859 | D:2      | Noticed Robin
   873 | D:2      | HP: 2/21 [goblin/+0 club[Robin] (4)]
   874 | D:2      | 874 ||| READING scroll of teleportation.
  1013 | D:2      | Noticed Terence
  1020 | D:2      | HP: 5/21 [Terence/+0 mace (2)]
  1026 | D:2      | HP: 4/21 [hobgoblin (3)]
  1029 | D:2      | HP: 1/21 [hobgoblin (1)]
  1029 | D:2      | Slain by a hobgoblin

Levels and vault maps discovered:
D:1:      amcnicky_arrival_flooded_fountain, layout_basic, serial_glass,
          glass_columns_a, glass_columns_a, minivault_11, minmay_misc_feat_cross
D:2:      layout_basic, nicolae_ecumenical_pavilion, serial_curves,
          eino_curves_04, eino_curves_02, eino_curves_01, uniq_terence,
          uniq_robin

Skill      XL: |  1  2  3 |
---------------+----------+-----
Ranged Weapons | 3 |  3.7
Fighting       | 2 |  2.0
Dodging        | |  1.5
Spellcasting   | |  1.0
Hexes          | |  2.6

Action                     || total
---------------------------++-------
   Fire: Sling             ||   169
    Use: Scroll            ||     3
 Armour: Robe              ||    24
         Ring mail         ||    31
  Dodge: Dodged            ||    99

Table legend:
 A = Non-vault XP
 B = Vault XP
 C = Vault XP percentage of total XP
 D = Non-vault monster count
 E = Vault monster count
 F = Vault count percentage of total count
                 A         B        C        D         E       F
            +---------+---------+-------+---------+---------+-------
      Total |      67 |      10 |  13.0 |      39 |       5 |  11.4
            +---------+---------+-------+---------+---------+-------
        D:1 |      55 |       0 |   0.0 |      32 |       0 |   0.0
        D:2 |      12 |      10 |  45.5 |       7 |       5 |  41.7
            +---------+---------+-------+---------+---------+-------
